 Dungeon Crawl Stone Soup version 0.31-a0-865-g3d5d91748a (webtiles) character file.

Game seed: 4125877062404541560

97491 Joey1 the Severer (level 15, -5/141 HPs)
             Began as a Minotaur Berserker on Oct 10, 2023.
             Was the Champion of Trog.
             Killed by the raging water
             ... invoked by a water nymph
              (25 damage)
             ... on level 1 of the Shoals.
             The game lasted 00:47:07 (22471 turns).

Joey1 the Severer (Minotaur Berserker)             Turns: 22471, Time: 00:47:07

Health: -5/141     AC: 21    Str: 27    XL:     15   Next: 72%
Magic:  14/14      EV: 11    Int:  6    God:    Trog [******]
Gold:   1572       SH: 28    Dex: 10    Spells: 14/14 levels left

rFire   + . .        h - +4 broad axe (flame)
rCold   . . .        L - +6 tower shield
rNeg    . . .        l - +4 scale mail of Miracles {Rampage Will+}
rPois   .            G - +2 hat
rElec   .            E - +0 cloak
rCorr   .            X - +2 pair of gloves
SInv    +            y - +0 pair of boots
Will    ++...        v - amulet of reflection Stlth
                     a - ring of protection from fire
HPRegen 0.43/turn    A - ring of see invisible
MPRegen 0.14/turn

%: reflection, rampage
@: very slow
A: horns 2, retaliatory headbutt
a: Renounce Religion, Berserk, Trog's Hand, Brothers in Arms


You were on level 1 of the Shoals.
You worshipped Trog.
Trog was exalted by your worship.
You visited 4 branches of the dungeon, and saw 22 of its levels.
You also visited: Sewer.

You collected 1572 gold pieces.

Inventory:

Hand Weapons
 h - a +4 broad axe of flaming (weapon)
Missiles
 u - a throwing net
 z - 8 javelins
Armour
 l - the +4 scale mail of Miracles (worn) {Rampage Will+}
   (You found it on level 9 of the Dungeon)

   Will+:     It increases your willpower.
   Rampage:   It bestows one free step when moving towards enemies.
 s - a +2 scale mail of fire resistance
 t - +0 fire dragon scales
 y - a +0 pair of boots (worn)
 E - a +0 cloak (worn)
 G - a +2 hat (worn)
 L - a +6 tower shield (worn)
 X - a +2 pair of gloves (worn)
Jewellery
 a - a ring of protection from fire (left hand)
 b - an amulet of regeneration
 d - a ring of poison resistance
 g - a ring of protection from cold
 v - an amulet of reflection (around neck)
 A - a ring of see invisible (right hand)
 D - a ring of magical power
Wands
 o - a wand of acid (7)
 J - a wand of flame (9)
 N - a wand of digging (6)
 S - a wand of paralysis (24)
 W - a wand of iceblast (24)
Scrolls
 f - 16 scrolls of teleportation
 i - 2 scrolls of torment {unknown}
 k - 2 scrolls of revelation
 q - a scroll of poison
 x - 4 scrolls of fog {unknown}
 F - 2 scrolls of acquirement {unknown}
 M - 5 scrolls of noise
 O - 5 scrolls of immolation
 P - a scroll of butterflies {unknown}
 T - 2 scrolls of blinking {unknown}
 U - a scroll of identify
 V - 3 scrolls of vulnerability {unknown}
 Z - 2 scrolls of fear {unknown}
Potions
 c - 10 potions of curing
 e - 3 potions of brilliance {unknown}
 j - a potion of magic {unknown}
 m - 3 potions of mutation
 n - 4 potions of enlightenment
 p - 3 potions of might
 r - 4 potions of haste
 w - 6 potions of attraction
 B - 2 potions of ambrosia {unknown}
 C - 3 potions of degeneration
 H - a potion of resistance
 I - 2 potions of heal wounds {unknown}
 K - 3 potions of lignification
 R - 2 potions of cancellation {unknown}
 Y - a potion of invisibility {unknown}
Miscellaneous
 Q - a phial of floods


   Skills:
 - Level 15.0 Fighting
 - Level 18.0 Axes
 - Level 7.0 Throwing
 - Level 10.0 Armour
 - Level 8.0 Dodging
 - Level 15.0 Shields
 + Level 11.1 Evocations


You had 14 spell levels left.
You didn't know any spells.
Your spell library was empty.

Dungeon Overview and Level Annotations

Branches:
Dungeon (15/15)            Temple (1/1) D:6            Lair (5/5) D:10
 Shoals (1/4) Lair:3       Spider (0/4) Lair:2        Slime (0/5) Lair:5
    Orc (0/2) D:12         Vaults (0/5) D:13         Depths (0/4) D:15
  Sewer (visited)

Altars:
Ashenzari
Cheibriados
Dithmenos
Elyvilon
Fedhas
Gozag
Hepliaklqana
Kikubaaqudgha
Makhleb
Nemelex Xobeh
Okawaru
Qazlal
Ru
Sif Muna
Trog
Uskayaw
Vehumet
Wu Jian
Xom
Yredelemnul
Zin
The Shining One
Jiyva

Shops:
D:9 :   D:10 (   D:11 *   D:15 (   Shoals:1 (*

Annotations:
D:9 exclusion: ice statue
D:12 8 runed translucent doors
Lair:4 exclusion: oklob plant
Lair:5 1 runed translucent door


Innate Abilities, Weirdness & Mutations

You have a pair of horns on your head.
You reflexively headbutt those who attack you in melee.


Message History

You barely miss the merfolk aquamancer.
The merfolk aquamancer is almost dead.
The water nymph shouts!
You hit the merfolk but do no damage. You block the merfolk's attack. x2
You block the merfolk aquamancer's attack.
You closely miss the merfolk aquamancer.
You headbutt the merfolk aquamancer!
You kill the merfolk aquamancer!
Trog accepts your kill.
Trog appreciates your killing of a magic user.
You hit the merfolk. You burn the merfolk. You block the merfolk's attack.
Splash!
You fall into the shallow water.
Moving in this stuff is going to be slow.
Your life force feels restored.
Your unstable footing causes you to fumble your attack.
You block the merfolk's attack. The merfolk hits you with a +0 trident!
The water nymph casts a spell at you. The water swirls and strikes you!!
The water nymph casts a spell at you. The water swirls and strikes you!
The water nymph points at you and mumbles some strange words.
The water swirls and strikes you!!
The water nymph's watery aura covers the staircase back to the Lair.
The merfolk throws a boomerang.
You block the boomerang with an invisible shield... and reflect it back!
The boomerang hits the water nymph!!
The water nymph touches you! The water nymph drowns you!
The water nymph gestures at you while chanting.
The water swirls and strikes you!!
* * * LOW HITPOINT WARNING * * *
The water nymph points at you and mumbles some strange words.
The water swirls and strikes you!
* * * LOW HITPOINT WARNING * * *
You block the merfolk's attack.
You can't go up here!
You feel better. You block the merfolk's attack.
The water nymph gestures at you while chanting.
The water swirls and strikes you!!
You die...

≈≈≈≈≈≈≈≈≈≈≈≈≈≈≈≈
≈≈≈≈≈≈≈≈≈≈≈≈≈≈≈≈
≈~≈≈≈≈≈≈≈≈~~~~~≈
≈≈≈≈≈≈~~~~~~~~~~
≈≈m≈m≈~~~~~~~~~~
≈≈≈≈≈≈~~~.~~~~~~
≈≈~~≈≈mm...~~~~~
≈∩.~~≈m~@...~~~~
≈~.~~~..[.....~~
~~..~≈.........~
≈≈≈~.~.......#.~
≈≈~≈~........# ~
~~>~~........~~
~~~~~.......~~~~
≈~~~........~~~~


You could see 2 merfolk and 3 water nymphs.

Vanquished Creatures
  Kirke (Lair:4)
  The ghost of Urgher the Cleaver, a journeyman DsMo of Makhleb (D:13)
  The ghost of justen the Mimic, a journeyman MfSh of Cheibriados (D:10)
  A fire dragon (Lair:5)
  3 hydras
  2 ice dragons (D:15)
  2 catoblepae
  An ironbound frostheart (D:13)
  A centaur warrior (D:13)
  2 boulder beetles (D:12)
  A tengu warrior (D:14)
  A merfolk aquamancer (Shoals:1)
  The ghost of IdlyInterested the Fighter, a novice DsWn (D:9)
  2 two-headed ogres
  8 death yaks
  Urug (D:12)
  15 skeletal warriors
  5 skysharks
  2 shadow wraiths (D:13)
  A swamp dragon (Lair:5)
  2 orc knights (D:15)
  23 ugly things
  An orc sorcerer (D:15)
  An obsidian statue (D:9)
  3 deep elf pyromancers
  3 cyclopes
  3 manticores
  A spectral centaur (D:10)
  8 elephants (Lair:5)
  3 centaur zombies (D:10)
  A moth of wrath (D:15)
  2 black mambas
  8 cane toads
  4 molten gargoyles (D:9)
  8 gargoyles
  3 unseen horrors
  3 rime drakes
  A kobold demonologist (D:12)
  3 freezing wraiths (D:13)
  An efreet (D:14)
  18 komodo dragons
  3 yaktaurs (D:15)
  A tengu conjurer (D:14)
  6 trolls
  2 polar bears
  A hornet (D:11)
  A merfolk (Shoals:1)
  6 dream sheep (Lair:3)
  24 blink frogs
  A wolf spider simulacrum (D:14)
  Prince Ribbit (Lair:1)
  Sigmund (D:6)
  9 slime creatures
  A spriggan (shapeshifter) (D:15)
  5 wraiths
  54 yaks
  3 vampires
  A centaur simulacrum (D:10)
  3 shadows
  12 basilisks
  8 wyverns
  3 hogs
  A human (D:13)
  3 steam dragons
  13 vampire mosquitoes
  2 wargs (D:15)
  5 acid dragons
  6 water moccasins
  Duvessa (D:6)
  11 orc warriors
  A swamp drake (Lair:5)
  A black bear (D:5)
  An ice beast (D:7)
  5 ogres
  A sky beast (D:7)
  12 wolves
  The ghost of gelatine the Chopper, an amateur DsGl (D:3)
  12 centaurs
  8 kobold brigands
  A phantom (D:6)
  14 bullfrogs
  A gnoll sergeant (D:12)
  A scorpion (D:4)
  13 wights
  Dowan (D:6)
  An electric eel (Lair:4)
  5 howler monkeys
  A lava snake (D:9)
  6 hounds
  9 orc priests
  Terence (D:2)
  13 orc wizards
  8 iguanas
  7 hell rats (Lair:4)
  Natasha (thrice) (D:2)
  4 gnolls (D:3)
  12 adders
  2 white imps
  2 shadow imps
  An ufetubus (D:5)
  4 dart slugs
  60 orcs
  7 ball pythons
  4 bats
  6 endoplasms
  18 giant cockroaches
  8 goblins
  7 hobgoblins
  10 quokkas
  11 frilled lizards
  16 kobolds
  9 rats
648 creatures vanquished.

Vanquished Creatures (others)
  An unseen horror (D:11)
  An iguana (Lair:5)
2 creatures vanquished.

Grand Total: 650 creatures vanquished

Notes
Turn   | Place    | Note
-------+----------+-------------------------------------------
     0 | D:1      | Joey1 the Minotaur Berserker began the quest for the Orb.
     0 | D:1      | Reached XP level 1. HP: 19/19 MP: 0/0
   208 | D:1      | Reached skill level 4 in Axes
   208 | D:1      | Reached XP level 2. HP: 16/27 MP: 1/1
   580 | D:1      | Found a faded altar of an unknown god.
   837 | D:2      | Reached XP level 3. HP: 29/33 MP: 2/2
   862 | D:2      | Noticed Natasha
   866 | D:2      | Killed Natasha
   870 | D:2      | Noticed Natasha
   882 | D:2      | Killed Natasha
   883 | D:2      | Reached skill level 5 in Axes
   883 | D:2      | Reached XP level 4. HP: 9/41 MP: 3/3
  1027 | D:2      | Noticed Natasha
  1030 | D:2      | Killed Natasha
  1213 | D:2      | Noticed Terence
  1219 | D:2      | Killed Terence
  1220 | D:2      | Reached XP level 5. HP: 43/47 MP: 4/4
  1541 | D:2      | Reached ** piety under Trog
  1742 | D:3      | Reached skill level 6 in Axes
  2015 | D:3      | Reached skill level 5 in Fighting
  2444 | D:3      | Found a runed translucent gate.
  2444 | D:3      | Found a runed translucent gate.
  2444 | D:3      | Found a runed translucent gate.
  2446 | D:3      | Noticed gelatine's ghost (amateur DsGl)
  2447 | D:3      | Identified the +2 ring mail "Ygyc" {rN+ Dex+4}
  2684 | D:3      | Found a snail-covered altar of Cheibriados.
  3145 | D:4      | Reached XP level 6. HP: 56/56 MP: 5/5
  3393 | D:4      | Found a bloodstained altar of Trog.
  3394 | D:4      | Found a shadowy altar of Dithmenos.
  3807 | D:4      | Reached skill level 7 in Axes
  3828 | D:4      | Reached skill level 5 in Armour
  3889 | D:4      | Found a radiant altar of Vehumet.
  4429 | D:5      | Entered Level 5 of the Dungeon
  4441 | D:5      | Reached skill level 8 in Axes
  4441 | D:5      | Reached XP level 7. HP: 54/61 MP: 6/6
  4504 | D:5      | Found a white marble altar of Elyvilon.
  4579 | D:5      | Found a broken altar of Ashenzari.
  4710 | D:5      | Reached skill level 1 in Shields
  5010 | D:5      | Reached skill level 9 in Axes
  5011 | D:5      | Reached *** piety under Trog
  5197 | D:5      | Reached XP level 8. HP: 67/68 MP: 7/7
  5383 | D:6      | Noticed Sigmund
  5402 | D:6      | Killed Sigmund
  5403 | D:6      | Reached skill level 10 in Axes
  5444 | D:6      | Reached skill level 11 in Axes
  5494 | D:6      | Noticed Duvessa
  5494 | D:6      | Noticed Dowan
  5502 | D:6      | Killed Dowan
  5503 | D:6      | Reached skill level 5 in Shields
  5508 | D:6      | Killed Duvessa
  5576 | D:6      | Found a hazy altar of Hepliaklqana.
  5590 | D:6      | Found a glowing drain.
  5600 | Sewer    | Entered a sewer
  5718 | Sewer    | Reached **** piety under Trog
  5924 | D:6      | Found the +7 Throatcutter {drain, coup de grace}
  5934 | D:6      | Reached XP level 9. HP: 71/74 MP: 8/8
  5938 | D:6      | Reached skill level 12 in Axes
  6294 | D:6      | Found a staircase to the Ecumenical Temple.
  6426 | Temple   | Entered the Ecumenical Temple
  6756 | D:7      | Found a sparkling altar of Nemelex Xobeh.
  7067 | D:7      | Reached skill level 13 in Axes
  7318 | D:8      | Found a sacrificial altar of Ru.
  7346 | D:8      | Reached skill level 14 in Axes
  7357 | D:8      | Reached XP level 10. HP: 77/81 MP: 9/9
  7608 | D:8      | Reached ***** piety under Trog
  7975 | D:9      | Found a glowing golden altar of the Shining One.
  8159 | D:9      | Reached skill level 15 in Axes
  8629 | D:9      | Reached skill level 10 in Shields
  8748 | D:9      | Found a runed translucent gate.
  8749 | D:9      | Found a runed translucent gate.
  8750 | D:9      | Found a runed translucent gate.
  8751 | D:9      | Found an opulent altar of Gozag.
  8752 | D:9      | Noticed an obsidian statue
  8752 | D:9      | Noticed IdlyInterested's ghost (novice DsWn)
  8753 | D:9      | Noticed a deep elf pyromancer
  8771 | D:9      | Noticed a molten gargoyle
  8777 | D:9      | Noticed a molten gargoyle
  8777 | D:9      | Noticed a molten gargoyle
  9094 | D:9      | Killed a molten gargoyle
  9095 | D:9      | Reached skill level 16 in Axes
  9267 | D:10     | Entered Level 10 of the Dungeon
  9290 | D:10     | Found an ornate altar of the Wu Jian Council.
  9463 | D:10     | Found Tothik's Weapon Shop.
  9484 | D:10     | Found a runed translucent gate.
  9485 | D:10     | Found a runed translucent gate.
  9485 | D:10     | Found a runed translucent gate.
  9486 | D:10     | Noticed a spectral centaur warrior
  9488 | D:10     | Noticed justen's ghost (journeyman MfSh)
  9602 | D:10     | Found a staircase to the Lair.
  9722 | D:10     | Reached XP level 11. HP: 89/89 MP: 10/10
  9823 | D:10     | Noticed a catoblepas
  9841 | D:10     | Killed a catoblepas
 10038 | D:10     | Found the +6 shillelagh "Devastator" {shatter}
 10221 | D:10     | Noticed a two-headed ogre
 10231 | D:10     | Killed a two-headed ogre
 10591 | Lair:1   | Entered Level 1 of the Lair of Beasts
 10602 | Lair:1   | Reached skill level 17 in Axes
 11021 | Lair:1   | Reached skill level 18 in Axes
 11131 | Lair:1   | Reached XP level 12. HP: 85/103 MP: 11/11
 11321 | Lair:1   | Received a gift from Trog
 11503 | Lair:1   | Noticed Prince Ribbit
 11526 | Lair:1   | Killed Prince Ribbit
 12002 | Lair:2   | Found a hole to the Spider Nest.
 12065 | Lair:2   | Reached skill level 10 in Fighting
 13112 | Lair:3   | Found a staircase to the Shoals.
 13115 | Lair:3   | Noticed a catoblepas
 13134 | Lair:3   | Killed a catoblepas
 13145 | Lair:3   | Reached skill level 15 in Shields
 13521 | Lair:3   | Reached skill level 1 in Evocations
 13774 | Lair:3   | Reached XP level 13. HP: 109/114 MP: 12/12
 14402 | Lair:4   | Reached skill level 5 in Dodging
 15020 | Lair:5   | Entered Level 5 of the Lair of Beasts
 15188 | Lair:5   | Reached ****** piety under Trog
 15193 | Lair:5   | Received a gift from Trog
 15251 | Lair:5   | Noticed Kirke
 15489 | Lair:4   | Killed Kirke
 15492 | Lair:4   | Reached skill level 5 in Evocations
 15860 | Lair:5   | Reached XP level 14. HP: 119/127 MP: 13/13
 16409 | Lair:5   | Found a runed translucent door.
 16410 | Lair:5   | Found a viscous altar of Jiyva.
 16410 | Lair:5   | Found a staircase to the Slime Pits.
 16410 | Lair:5   | Noticed an acid blob
 16410 | Lair:5   | Noticed an acid blob
 16717 | D:9      | Found Loscheti's Tiny Tomes.
 16741 | D:9      | Identified the +4 scale mail of Miracles {Rampage Will+}
 17075 | D:3      | Killed gelatine's ghost
 17523 | D:9      | Killed IdlyInterested's ghost
 17989 | D:10     | Killed justen's ghost
 18328 | D:11     | Found Rumenod's Overcharged Wands.
 18342 | D:11     | Reached skill level 10 in Armour
 18566 | D:12     | Found a large runed translucent door.
 18567 | D:12     | Noticed a fire giant
 18568 | D:12     | Noticed a fire giant
 18570 | D:12     | Found a large runed translucent door.
 18570 | D:12     | Noticed a frost giant
 18575 | D:12     | Found a large runed translucent door.
 18664 | D:12     | Noticed Urug
 18687 | D:12     | Killed Urug
 18695 | D:12     | Received a gift from Trog
 18794 | D:12     | Found a large runed translucent door.
 18846 | D:12     | Found a staircase to the Orcish Mines.
 19025 | D:12     | Found a large runed translucent door.
 19142 | D:12     | Found a large runed translucent door.
 19146 | D:12     | Found a large runed translucent door.
 19147 | D:12     | Found a large runed translucent door.
 19324 | D:13     | Reached skill level 15 in Fighting
 19359 | D:13     | Found a runed translucent gate.
 19360 | D:13     | Found a runed translucent gate.
 19361 | D:13     | Found a runed translucent gate.
 19459 | D:13     | Reached skill level 1 in Throwing
 19896 | D:13     | Found a gate to the Vaults.
 19993 | D:13     | Noticed Urgher's ghost (journeyman DsMo)
 20003 | D:13     | Reached XP level 15. HP: 141/141 MP: 14/14
 20020 | D:13     | Killed Urgher's ghost
 20042 | D:13     | Upgraded the game from 0.31-a0-859-g9dce7d3444 to
                  | 0.31-a0-865-g3d5d91748a
 20867 | D:15     | Entered Level 15 of the Dungeon
 21012 | D:15     | Reached skill level 5 in Throwing
 21070 | D:15     | Found a bloodstained altar of Trog.
 21140 | D:15     | Received a gift from Trog
 21266 | D:15     | Found Luelein's Weapon Shoppe.
 21374 | D:15     | Reached skill level 10 in Evocations
 21745 | D:15     | Found a staircase to the Depths.
 22422 | Shoals:1 | Entered Level 1 of the Shoals
 22422 | Shoals:1 | Found Unesiax's Visitors' Centre.
 22422 | Shoals:1 | Found Unesiax's Merfolk Weapons.
 22471 | Shoals:1 | Killed from afar by a water nymph

Illustrated notes

Levels and vault maps discovered:
D:1:      minmay_arrival_open_corners, layout_basic,
          dilly_ecumenical_altar_fadedgnrine, serial_bayou_lagoon_a
D:2:      minmay_roachtagon, layout_basic, uniq_natasha, uniq_terence
D:3:      layout_loops_corners, chei_slow_surprise, serial_forest,
          infiniplex_forest_pool, infiniplex_forest_straight_4,
          infiniplex_forest_clump_curved, infiniplex_forest_clump_medium,
          infiniplex_forest_lined_2, infiniplex_forest_lined_2,
          infiniplex_forest_lined_3_way, infiniplex_forest_clump_C,
          infiniplex_forest_lined_2, infiniplex_forest_lined_corner,
          biasface_ghost_orc_armoury, minmay_pentangle
D:4:      layout_layer_cave, grunt_temple_overflow_open,
          mainiacjoe_overflow_alcove_1, minmay_circle_x
D:5:      layout_gridville, mainiacjoe_overflow_catch_the_wave, minmay_puff
D:6:      layout_basic, mainiacjoe_overflow_boulevard,
          minmay_temple_entry_enclosed_plants, portal_sewer_entry_a,
          dilly_guarded_unrand_throatcut, uniq_duvessa, uniq_sigmund
D:7:      layout_loops_corners, lemuel_tele_altar
D:8:      layout_rooms, kennysheep_mini_moat
D:9:      layout_irregular_city, nicolae_tso_carved_into_rock,
          ebering_ghost_gozag, eino_small_chamber_without_monster,
          nicolae_shop_i_like_small_books_too, minmay_holes, minivault_8
D:10:     minmay_roctagon, layout_loops_ring, nzn_wu_jian_council_hall,
          david_lair_shrubbed, gammafunk_ghost_necromancy, serial_shops, shop
D:11:     layout_rooms, nicolae_shop_overcharged_wands
D:12:     minmay_five_octagons, layout_cave_pools, david_orc_2, special_room
          [special_room_orc], uniq_urug
D:13:     layout_gridville, hellmonk_vaults_keyhole, gammafunk_ghost_spectres,
          grunt_ministairs_15
D:14:     layout_basic, chequers_serial_rivers_room_b
D:15:     grunt_enter_depths_hoard, layout_stronghold,
          hangedman_decor_clover_reticule, serial_shops, shop, tgw_trog
Temple:   hellmonk_temple_of_storms
Lair:1:   layout_chaotic_city, uniq_prince_ribbit2
Lair:2:   layout_regular_city, spider_nest_entry_web_field,
          infiniplex_staircase_pool_2, serial_bayou_shore_a
Lair:3:   layout_small_grid, minmay_shoals_entry_centaurs,
          cheibrodos_lair_reptile_den
Lair:4:   layout_long_grid, wad_woods_river_01
Lair:5:   guppyfry_lair_end_dragon, layout_big_grid, slime_entry_2, uniq_kirke
Shoals:1: nicolae_shoals_mermall, layout_shoals, serial_shops,
          nicolae_shop_scrapyard

Skill      XL: |  1  2  3  4  5  6  7  8  9 10 11 12 13 14 15 |
---------------+----------------------------------------------+-----
Axes           | 4 5 6 8 9 11 14 16 18 | 18.0
Fighting       | 4 5 8 10 12 15 | 15.0
Armour         | 3 4 5 6 9 10 | 10.0
Shields        | 3 5 8 10 12 15 | 15.0
Evocations     | 2 5 8 11 | 11.1
Dodging        | 3 7 8 |  8.0
Throwing       | 2 7 |  7.0

Action                     |  1- 3 |  4- 6 |  7- 9 | 10-12 | 13-15 || total
---------------------------+-------+-------+-------+-------+-------++-------
  Melee: Hand axe          |    59 |   164 |   282 |    94 |    20 ||   619
         Headbutt          |     8 |    25 |    47 |   141 |   282 ||   503
         Punch             |       |     2 |       |       |       ||     2
         Broad axe         |       |       |       |   520 |  1064 ||  1584
         Unarmed           |       |       |       |       |     2 ||     2
 Invoke: Berserk           |     1 |     1 |     2 |     4 |     6 ||    14
         Trog's Hand       |       |       |     3 |     3 |     4 ||    10
  Evoke: Wand              |       |     1 |       |       |     1 ||     2
    Use: Scroll            |       |       |    11 |     6 |    13 ||    30
         Potion            |       |       |       |     1 |     4 ||     5
   Stab: Petrified         |       |       |       |     2 |       ||     2
 Armour: Animal skin       |     4 |       |       |       |       ||     4
         Ring mail         |    43 |    24 |       |       |       ||    67
         Skin              |     2 |       |       |       |     9 ||    11
         Scale mail        |       |    70 |    84 |   100 |   309 ||   563
         Plate armour      |       |       |       |   179 |   233 ||   412
  Dodge: Dodged            |    29 |    85 |    42 |    82 |   224 ||   462
  Block: Other             |       |    18 |     1 |       |       ||    19
         Tower shield      |       |       |   241 |   560 |  1077 ||  1878
         Reflection        |       |       |     4 |     8 |     2 ||    14

Table legend: (Time is in decaauts)
 A = Elapsed time spent in this place.
 B = Non-inter-level travel time spent in this place.
 C = Inter-level travel time spent in this place.
 D = Time resting spent in this place.
 E = Time spent auto-exploring this place.
 F = Levels seen in this place.
 G = Mean time per level.
                   A        B        C        D        E       F      G
               +--------+--------+--------+--------+--------+-----+--------+
         Total |  22482 |  20435 |   2047 |   1860 |  14018 |  23 |  977.5 |
       Dungeon |  15983 |  14460 |   1523 |   1183 |  10222 |  15 | 1065.5 |
        Temple |      1 |      1 |      0 |      0 |      0 |   1 |    1.0 |
          Lair |   6195 |   5672 |    523 |    677 |   3717 |   5 | 1239.0 |
        Shoals |     25 |     25 |      0 |      0 |      0 |   1 |   25.0 |
         Sewer |    276 |    276 |      0 |      0 |     79 |   1 |  276.0 |
               +--------+--------+--------+--------+--------+-----+--------+

Top non-repeatable levels by time:
    D:10: 1696 daAuts
     D:9: 1601 daAuts
     D:4: 1522 daAuts
  Lair:1: 1464 daAuts
     D:3: 1432 daAuts
    D:15: 1333 daAuts
  Lair:3: 1257 daAuts
  Lair:4: 1248 daAuts
     D:2: 1136 daAuts
  Lair:2: 1124 daAuts
  Lair:5: 1100 daAuts
     D:5: 1048 daAuts
     D:7: 945 daAuts
     D:8: 935 daAuts
     D:6: 868 daAuts
